[ AOE2 MATCH · #506266588 ]
UnrankedBohemians vs Bengalis
Player's team · LOSS
Rival team · WIN
[ REPLAY ANALYSIS · EXTRACTED FROM THE RECORDED GAME ]
Feudal
9:22
Castle
21:02
Imperial
—
| APM avg | 58.0 |
| APM peak | 91 |
| eAPM avg | 26.3 |
| Villagers / military | 120 / 66 |
Focus
⚔️ 35.3% · 🌾 64.7%
Knight ×41 · Archer ×16 · Monk ×4 · Skirmisher ×4 · Spearman ×1
Feudal
12:42
Castle
20:34
Imperial
—
| APM avg | 90.4 |
| APM peak | 139 |
| eAPM avg | 48.1 |
| Villagers / military | 182 / 49 |
Focus
⚔️ 35.3% · 🌾 64.7%
Skirmisher ×28 · Monk ×13 · Militia ×4 · Spearman ×4
Match map
Initial resources + every placement click. Lines = walls · curves = elevation contours. ◆ gold · ⬟ stone · ● berries · ✦ relic · ◌ wall gap
Your base· Open — 7t gap
iamkaito's base· Open — unwalled flank
Smoothed initial terrain · ◌ = detected wall gap · hover for details
Inputs per minute
— 73_Quảng Bình - - iamkaito
Build order — 73_Quảng Bình
First 150 of 342 actions detected
| 0:00 | Create | Villager (Male) |
| 0:00 | Create | Villager (Male) |
| 0:01 | Create | Villager (Male) |
| 0:01 | Create | Villager (Male) |
| 0:02 | Build | House |
| 0:04 | Build | House |
| 1:25 | Create | Villager (Male) |
| 1:26 | Create | Villager (Male) |
| 1:48 | Build | Lumber Camp |
| 1:58 | Create | Villager (Male) |
| 1:59 | Create | Villager (Male) |
| 2:12 | Create | Villager (Male) |
| 2:46 | Create | Villager (Male) |
| 2:46 | Create | Villager (Male) |
| 3:03 | Create | Villager (Male) |
| 3:03 | Create | Villager (Male) |
| 3:30 | Build | House |
| 3:33 | Create | Villager (Male) |
| 3:55 | Build | Mill |
| 4:14 | Create | Villager (Male) |
| 4:15 | Create | Villager (Male) |
| 4:52 | Create | Villager (Male) |
| 5:10 | Create | Villager (Male) |
| 5:28 | Create | Villager (Male) |
| 5:38 | Build | House |
| 5:42 | Create | Villager (Male) |
| 5:42 | Create | Villager (Male) |
| 5:42 | Create | Villager (Male) |
| 6:19 | Research | Loom |
| 6:40 | Create | Villager (Male) |
| 7:07 | Build | Palisade Wall |
| 7:12 | Research | Feudal Age |
| 7:40 | Build | Palisade Wall |
| 7:41 | Build | Palisade Wall |
| 8:04 | Build | House |
| 8:10 | Build | House |
| 8:31 | Build | Barracks |
| 9:22 | Age | Feudal Age |
| 9:28 | Build | Archery Range |
| 9:29 | Create | Villager (Male) |
| 9:37 | Build | Palisade Wall |
| 9:43 | Build | Mining Camp |
| 9:47 | Build | Palisade Wall |
| 9:51 | Build | Palisade Wall |
| 9:56 | Create | Villager (Male) |
| 10:05 | Research | Double-Bit Axe |
| 10:05 | Research | Double-Bit Axe |
| 10:09 | Create | Archer |
| 10:09 | Create | Archer |
| 10:21 | Create | Villager (Male) |
| 10:21 | Create | Villager (Male) |
| 10:41 | Create | Skirmisher |
| 10:42 | Create | Spearman |
| 10:44 | Create | Villager (Male) |
| 10:49 | Create | Villager (Male) |
| 10:52 | Build | Farm |
| 10:54 | Build | Farm |
| 10:57 | Create | Villager (Male) |
| 11:07 | Create | Archer |
| 11:13 | Create | Villager (Male) |
| 11:37 | Build | Palisade Wall |
| 11:38 | Build | Palisade Wall |
| 11:46 | Create | Archer |
| 11:52 | Build | House |
| 11:57 | Create | Archer |
| 12:29 | Build | Palisade Wall |
| 12:32 | Build | Palisade Wall |
| 12:37 | Create | Villager (Male) |
| 12:47 | Create | Archer |
| 12:59 | Create | Villager (Male) |
| 13:02 | Create | Archer |
| 13:12 | Build | Farm |
| 13:17 | Build | Farm |
| 13:18 | Build | Farm |
| 13:23 | Build | Farm |
| 13:25 | Build | Farm |
| 13:31 | Create | Archer |
| 13:50 | Create | Villager (Male) |
| 13:56 | Create | Archer |
| 14:02 | Build | Farm |
| 14:05 | Build | Farm |
| 14:23 | Create | Villager (Male) |
| 14:24 | Create | Villager (Male) |
| 14:25 | Build | Farm |
| 14:34 | Build | Blacksmith |
| 14:38 | Build | Palisade Wall |
| 14:56 | Create | Villager (Male) |
| 15:04 | Create | Archer |
| 15:07 | Build | Farm |
| 15:10 | Build | Farm |
| 15:14 | Build | Farm |
| 15:18 | Build | House |
| 15:21 | Research | Wheelbarrow |
| 15:21 | Research | Wheelbarrow |
| 15:23 | Research | Horse Collar |
| 15:47 | Create | Villager (Male) |
| 16:06 | Build | Blacksmith |
| 16:19 | Create | Villager (Male) |
| 16:22 | Build | Farm |
| 16:26 | Build | Farm |
| 16:27 | Build | Farm |
| 16:36 | Create | Skirmisher |
| 16:44 | Build | House |
| 16:44 | Build | House |
| 16:58 | Build | Farm |
| 16:58 | Build | Farm |
| 17:07 | Create | Villager (Male) |
| 17:35 | Build | Farm |
| 17:37 | Build | Farm |
| 17:40 | Build | Farm |
| 17:45 | Create | Villager (Male) |
| 17:47 | Create | Archer |
| 18:14 | Build | Palisade Gate |
| 18:22 | Research | Castle Age |
| 18:22 | Research | Castle Age |
| 18:26 | Create | Archer |
| 19:05 | Build | House |
| 19:10 | Build | Stable |
| 19:15 | Research | Fletching |
| 19:15 | Research | Fletching |
| 19:30 | Research | Scale Barding Armor |
| 20:19 | Build | Stable |
| 21:02 | Age | Castle Age |
| 21:04 | Create | Knight |
| 21:05 | Create | Knight |
| 21:05 | Create | Knight |
| 21:07 | Create | Villager (Male) |
| 21:12 | Research | Bow Saw |
| 21:12 | Research | Bow Saw |
| 21:17 | Research | Bodkin Arrow |
| 21:19 | Research | Crossbowman (upgrade) |
| 21:19 | Research | Crossbowman (upgrade) |
| 21:23 | Create | Villager (Male) |
| 21:31 | Create | Villager (Male) |
| 21:34 | Build | Farm |
| 21:37 | Build | House |
| 21:38 | Build | House |
| 22:40 | Create | Knight |
| 22:40 | Create | Knight |
| 22:41 | Create | Villager (Male) |
| 22:43 | Research | Chain Barding Armor |
| 22:43 | Research | Chain Barding Armor |
| 23:04 | Create | Knight |
| 23:04 | Create | Knight |
| 23:08 | Create | Villager (Male) |
| 23:09 | Create | Villager (Male) |
| 23:15 | Build | Lumber Camp |
| 23:17 | Create | Villager (Male) |
| 23:18 | Create | Villager (Male) |
| 23:40 | Create | Archer |
Build order — iamkaito
First 150 of 400 actions detected
| 0:01 | Create | Villager (Male) |
| 0:01 | Create | Villager (Male) |
| 0:02 | Build | House |
| 0:04 | Build | House |
| 0:09 | Create | Villager (Male) |
| 0:10 | Create | Villager (Male) |
| 1:28 | Create | Villager (Male) |
| 1:28 | Create | Villager (Male) |
| 2:00 | Create | Villager (Male) |
| 2:00 | Create | Villager (Male) |
| 2:19 | Create | Villager (Male) |
| 2:19 | Create | Villager (Male) |
| 2:21 | Build | Lumber Camp |
| 2:42 | Create | Villager (Male) |
| 3:04 | Create | Villager (Male) |
| 3:04 | Create | Villager (Male) |
| 3:31 | Create | Villager (Male) |
| 3:53 | Build | House |
| 3:56 | Create | Villager (Male) |
| 4:20 | Build | House |
| 4:23 | Build | Palisade Wall |
| 4:35 | Create | Villager (Male) |
| 4:35 | Create | Villager (Male) |
| 5:03 | Create | Villager (Male) |
| 5:03 | Create | Villager (Male) |
| 5:04 | Create | Villager (Male) |
| 5:04 | Create | Villager (Male) |
| 5:17 | Build | Barracks |
| 5:39 | Create | Villager (Male) |
| 6:06 | Create | Villager (Male) |
| 6:09 | Create | Villager (Male) |
| 6:10 | Create | Villager (Male) |
| 6:19 | Create | Militia |
| 6:19 | Create | Militia |
| 6:40 | Create | Militia |
| 7:03 | Build | House |
| 7:12 | Create | Villager (Male) |
| 7:12 | Create | Villager (Male) |
| 7:14 | Create | Villager (Male) |
| 7:22 | Build | House |
| 7:23 | Build | Palisade Wall |
| 7:43 | Build | Palisade Wall |
| 8:00 | Create | Villager (Male) |
| 8:19 | Create | Villager (Male) |
| 8:19 | Create | Villager (Male) |
| 8:44 | Research | Loom |
| 8:44 | Research | Loom |
| 8:52 | Build | House |
| 8:56 | Build | Mining Camp |
| 9:07 | Build | Mill |
| 9:20 | Create | Villager (Male) |
| 9:41 | Build | Lumber Camp |
| 9:50 | Create | Villager (Male) |
| 10:24 | Build | Farm |
| 10:32 | Research | Feudal Age |
| 10:33 | Research | Feudal Age |
| 10:42 | Build | Farm |
| 10:45 | Build | House |
| 11:03 | Build | Farm |
| 11:09 | Build | Farm |
| 11:14 | Build | Palisade Wall |
| 11:37 | Build | Farm |
| 11:45 | Build | Farm |
| 11:48 | Create | Villager (Male) |
| 11:49 | Create | Militia |
| 11:57 | Create | Villager (Male) |
| 12:02 | Build | Farm |
| 12:30 | Create | Villager (Male) |
| 12:42 | Age | Feudal Age |
| 12:46 | Build | Archery Range |
| 12:50 | Research | Double-Bit Axe |
| 12:50 | Research | Double-Bit Axe |
| 12:54 | Research | Horse Collar |
| 12:54 | Research | Horse Collar |
| 13:16 | Build | Farm |
| 13:25 | Build | Farm |
| 13:26 | Create | Villager (Male) |
| 13:29 | Build | House |
| 13:29 | Create | Skirmisher |
| 13:30 | Create | Skirmisher |
| 13:36 | Build | Farm |
| 13:48 | Create | Villager (Male) |
| 14:03 | Build | Blacksmith |
| 14:06 | Build | House |
| 14:12 | Build | House |
| 14:16 | Create | Villager (Male) |
| 14:19 | Build | Farm |
| 14:29 | Create | Skirmisher |
| 14:29 | Create | Skirmisher |
| 14:39 | Build | Farm |
| 14:41 | Create | Villager (Male) |
| 14:41 | Create | Villager (Male) |
| 14:50 | Create | Villager (Male) |
| 14:53 | Build | Farm |
| 14:57 | Build | Farm |
| 15:07 | Create | Skirmisher |
| 15:32 | Create | Villager (Male) |
| 15:34 | Build | Farm |
| 15:37 | Create | Villager (Male) |
| 15:43 | Create | Villager (Male) |
| 15:51 | Build | Mill |
| 15:57 | Create | Spearman |
| 16:14 | Build | Market |
| 16:14 | Create | Villager (Male) |
| 16:36 | Create | Villager (Male) |
| 16:40 | Create | Villager (Male) |
| 16:43 | Build | Farm |
| 16:59 | Build | Farm |
| 17:03 | Create | Villager (Male) |
| 17:09 | Create | Villager (Male) |
| 17:30 | Build | Farm |
| 17:38 | Build | Lumber Camp |
| 17:54 | Research | Castle Age |
| 17:54 | Research | Castle Age |
| 18:09 | Create | Skirmisher |
| 18:10 | Create | Skirmisher |
| 18:25 | Research | Gold Mining |
| 18:25 | Research | Gold Mining |
| 18:29 | Research | Fletching |
| 18:29 | Research | Fletching |
| 18:43 | Create | Skirmisher |
| 19:05 | Create | Skirmisher |
| 19:06 | Create | Skirmisher |
| 19:10 | Research | Padded Archer Armor |
| 19:14 | Create | Villager (Male) |
| 19:41 | Create | Skirmisher |
| 19:52 | Create | Villager (Male) |
| 19:52 | Create | Villager (Male) |
| 20:01 | Create | Skirmisher |
| 20:18 | Create | Skirmisher |
| 20:34 | Age | Castle Age |
| 20:37 | Research | Bodkin Arrow |
| 20:38 | Research | Elite Skirmisher (upgrade) |
| 20:40 | Create | Villager (Male) |
| 20:43 | Build | House |
| 20:55 | Create | Villager (Male) |
| 20:55 | Create | Villager (Male) |
| 20:56 | Create | Villager (Male) |
| 20:59 | Create | Villager (Male) |
| 21:03 | Create | Villager (Male) |
| 21:07 | Build | Town Center |
| 21:22 | Create | Villager (Male) |
| 21:30 | Create | Villager (Male) |
| 21:31 | Create | Villager (Male) |
| 21:38 | Create | Villager (Male) |
| 21:41 | Create | Villager (Male) |
| 21:42 | Create | Skirmisher |
| 21:42 | Create | Skirmisher |
| 21:46 | Research | Leather Archer Armor |
| 21:46 | Research | Leather Archer Armor |
Match timeline
| 4:23 | iamkaito · wall_segment Palisade Wall x4 |
| 5:17 | iamkaito · first_building Barracks |
| 7:07 | 73_Quảng Bình · wall_segment Palisade Wall x4 |
| 7:23 | iamkaito · wall_segment Palisade Wall x5 |
| 7:40 | 73_Quảng Bình · wall_segment Palisade Wall x1 |
| 7:41 | 73_Quảng Bình · wall_segment Palisade Wall x1 |
| 7:43 | iamkaito · wall_segment Palisade Wall x16 |
| 8:31 | 73_Quảng Bình · first_building Barracks |
| 9:22 | 73_Quảng Bình · age_up feudal |
| 9:28 | 73_Quảng Bình · first_building Archery Range |
| 9:37 | 73_Quảng Bình · wall_segment Palisade Wall x1 |
| 9:47 | 73_Quảng Bình · wall_segment Palisade Wall x1 |
| 9:51 | 73_Quảng Bình · wall_segment Palisade Wall x1 |
| 11:14 | iamkaito · wall_segment Palisade Wall x1 |
| 11:37 | 73_Quảng Bình · wall_segment Palisade Wall x1 |
| 11:38 | 73_Quảng Bình · wall_segment Palisade Wall x1 |
| 12:29 | 73_Quảng Bình · wall_segment Palisade Wall x1 |
| 12:32 | 73_Quảng Bình · wall_segment Palisade Wall x1 |
| 12:42 | iamkaito · age_up feudal |
| 12:46 | iamkaito · first_building Archery Range |
| 14:38 | 73_Quảng Bình · wall_segment Palisade Wall x1 |
| 17:20 | iamkaito · first_market_buy 100 food |
| 17:45 | iamkaito · first_market_sell 100 wood |
| 19:10 | 73_Quảng Bình · first_building Stable |
| 20:34 | iamkaito · age_up castle |
| 21:02 | 73_Quảng Bình · age_up castle |
| 22:47 | iamkaito · first_building Monastery |
| 25:00 | 73_Quảng Bình · first_building Monastery |
| 25:14 | iamkaito · wall_segment Palisade Wall x1 |
| 25:17 | iamkaito · wall_segment Palisade Wall x1 |
| 25:18 | iamkaito · wall_segment Palisade Wall x1 |
| 29:03 | 73_Quảng Bình · wall_segment Palisade Wall x1 |
| 33:25 | iamkaito · first_building Castle |
| 34:22 | 73_Quảng Bình · first_building Siege Workshop |
| 34:57 | 73_Quảng Bình · resign |
[ AI ANALYSIS · 1 CREDIT ]
What really happened in this match?
Wolo.gg analyzes every decision: build order, eco, micro, common mistakes by bracket. Personalized analysis on WhatsApp or Discord in 30 seconds.
Civ guide
Bohemians
Perfil
73_Quảng Bình